 Dungeon Crawl Stone Soup version 0.27-a0-1187-ge80a49f48c (webtiles) character file.

Game seed: 14202295782051322327

67 Kinoniko the Chopper (level 4, 0/39 HPs)
             Began as a Hill Orc Monk on May 20, 2021.
             Slain by an iron imp (6 damage)
             ... summoned by Natasha
             ... on level 2 of the Dungeon.
             The game lasted 00:01:47 (1449 turns).

Kinoniko the Chopper (Hill Orc Monk)                Turns: 1449, Time: 00:01:47

Health: 0/39       AC: 11    Str: 14    XL:     4   Next: 18%
Magic:  4/4        EV:  6    Int: 10    God:
Gold:   37         SH:  0    Dex: 13    Spells: 3/3 levels left

rFire    . . .     SeeInvis .   a - +0 hand axe
rCold    . . .     Faith    .   (no shield)
rNeg     . . .     Spirit   .   d - +0 chain mail
rPois    .         Reflect  .   (no helmet)
rElec    .         Harm     .   (no cloak)
rCorr    .         Rampage  .   f - +0 pair of gloves
Will     .....                  e - +1 pair of boots {Fly}
Stlth    ..........             (no amulet)
HPRegen  0.13/turn              (no ring)
MPRegen  0.09/turn              (no ring)

@: flying, slowed, very slow
A: no striking features
a: no special abilities


You were on level 2 of the Dungeon.
You visited 1 branch of the dungeon, and saw 2 of its levels.

You collected 37 gold pieces.

Inventory:

Hand Weapons
 a - a +0 hand axe (weapon)
Missiles
 c - a throwing net (quivered)
Armour
 d - a +0 chain mail (worn)
 e - a +1 pair of boots of flying (worn)
 f - a +0 pair of gloves (worn)
Scrolls
 b - a scroll of identify {unknown}
 g - a scroll of teleportation {unknown}


   Skills:
 - Level 3.6 Fighting
 + Level 6.5 Axes
 - Level 2.4 Dodging
 - Level 1.5 Stealth


You had 3 spell levels left.
You didn't know any spells.
Your spell library contained the following spells:

 Spells                   Type           Power      Damage    Failure   Level
 Corona                   Hex            0%         N/A       100%        1
 Ensorcelled Hibernation  Hex/Ice        0%         N/A       100%        2
 Confusing Touch          Hex            0%         N/A       100%        3
 Dazzling Flash           Conj/Hex       0%         N/A       100%        3
 Tukima's Dance           Hex            0%         N/A       100%        3


Dungeon Overview and Level Annotations

Branches:
Dungeon (2/15)

Altars:

Annotations:
D:2 Natasha


Message History

Natasha stares at you and mumbles some strange words.
The magic dart hits you.
The crimson imp hits you but does no damage.
You hit Natasha.
Natasha is moderately wounded.
Your chain mail prevents you from hitting the iron imp.
You hit the crimson imp but do no damage.
Natasha closely misses you. The iron imp hits you.
The crimson imp hits you but does no damage.
You hit Natasha.
Natasha is heavily wounded.
You hit the iron imp. You miss the crimson imp.
Natasha zaps a wand.
The puff of flame hits you!
* * * LOW HITPOINT WARNING * * *
The iron imp barely misses you. The crimson imp closely misses you.
You hit Natasha.
Natasha is severely wounded.
You barely miss the iron imp.
Your chain mail prevents you from hitting the crimson imp.
Natasha claws you but does no damage. The iron imp hits you.
* * * LOW HITPOINT WARNING * * *
The crimson imp hits you but does no damage.
You closely miss Natasha.
Natasha is severely wounded.
You barely miss the iron imp. You closely miss the crimson imp.
Natasha zaps a wand.
The puff of flame hits you.
* * * LOW HITPOINT WARNING * * *
The crimson imp barely misses you.
You closely miss Natasha.
Natasha is severely wounded.
You barely miss the crimson imp. You hit the iron imp but do no damage.
Natasha stares at you and mumbles some strange words.
You feel yourself slow down. The iron imp barely misses you.
The crimson imp closely misses you.
Unknown command.
You barely miss Natasha.
Natasha is severely wounded.
You hit the crimson imp. You hit the iron imp but do no damage.
Natasha claws you but does no damage. The iron imp hits you.
You die...

###### #....#
##'##.# #...#.####
#.@.#....#######
#5h5#...........
#...#..#........
#...#..###P###P# #
#...#..# .......#
#...#..# #P#.#.
#...##.# ....
#...##.###P###P###
#.#P..P_....#.


You could see an iron imp (summoned), Natasha and a crimson imp (summoned).

Vanquished Creatures
  2 adders (D:2)
  A dart slug (D:2)
  3 ball pythons
  2 bats
  2 endoplasms
  2 giant cockroaches
  2 goblins
  5 hobgoblins
  8 jackals
  2 quokkas
  A frilled lizard (D:2)
  9 kobolds
  2 rats
41 creatures vanquished.

Notes
Turn   | Place    | Note
-------+----------+-------------------------------------------
     0 | D:1      | Kinoniko the Hill Orc Monk began the quest for the Orb.
     0 | D:1      | Reached XP level 1. HP: 19/19 MP: 1/1
   231 | D:1      | Reached XP level 2. HP: 24/26 MP: 2/2
   564 | D:1      | Reached skill level 5 in Axes
   931 | D:1      | Reached XP level 3. HP: 29/31 MP: 3/3
  1133 | D:2      | Reached skill level 6 in Axes
  1272 | D:2      | Reached XP level 4. HP: 37/39 MP: 4/4
  1378 | D:2      | Found a faded altar of an unknown god.
  1427 | D:2      | Noticed Natasha
  1449 | D:2      | Slain by an iron imp

Illustrated notes

Levels and vault maps discovered:
D:1:      mushboom_english_gardens, layout_basic
D:2:      layout_rooms, shapermc_ecumenical_altar_mp_urbaneastern,
          grunt_decor_arrowhead, nrook_uturn, st_stairs_8, uniq_natasha

Skill      XL: |  1  2  3 |
---------------+----------+-----
Axes           | 5 6 |  6.5
Fighting       | |  3.6
Dodging        | |  2.4
Stealth        | |  1.5

Action                   |  1- 3 |  4- 6 || total
-------------------------+-------+-------++-------
Melee: Hand axe          |   132 |    31 ||   163
  Use: Potion            |       |     1 ||     1
 Stab: Sleeping          |     1 |       ||     1
Armor: Robe              |     5 |       ||     5
       Chain mail        |    79 |    22 ||   101
Dodge: Dodged            |    49 |    15 ||    64

Table legend: (Time is in decaauts)
 A = Elapsed time spent in this place.
 B = Non-inter-level travel time spent in this place.
 C = Inter-level travel time spent in this place.
 D = Time resting spent in this place.
 E = Time spent auto-exploring this place.
 F = Levels seen in this place.
 G = Mean time per level.
                   A        B        C        D        E       F      G
               +--------+--------+--------+--------+--------+-----+--------+
         Total |   1451 |   1389 |     62 |    165 |    948 |   2 |  725.5 |
       Dungeon |   1451 |   1389 |     62 |    165 |    948 |   2 |  725.5 |
               +--------+--------+--------+--------+--------+-----+--------+

Top non-repeatable levels by time:
     D:1: 996 daAuts
     D:2: 454 daAuts
